 Dungeon Crawl Stone Soup version 0.17-a0-1583-g2df49ec (webtiles) character file.

20089 karlkraus the Blocker (level 12, -2/108 HPs)
             Began as a Minotaur Fighter on July 28, 2015.
             Was the Champion of Qazlal.
             Killed by divine providence
             ... invoked by Saint Roka
              (17 damage)
             ... on level 4 of the Orcish Mines.
             The game lasted 00:45:00 (11760 turns).

karlkraus the Blocker (Minotaur Fighter)           Turns: 11760, Time: 00:45:00

Health: -2/108     AC: 23    Str: 28    XL:     12   Next: 42%
Magic:  11/11      EV: 10    Int:  5    God:    Qazlal [******]
Gold:   1156       SH: 24    Dex: 12    Spells: 0 memorised, 11 levels left

rFire  + . .     SeeInvis .     j - +2 morningstar (protect)
rCold  . . .     Clarity  .     F - +0 plate armour {rC+}
rNeg   + + .     SustAt   .     c - +2 shield
rPois  .         Gourm    .     (helmet restricted)
rElec  .         Spirit   .     (no cloak)
rCorr  .         Warding  +     C - +0 pair of gloves {archery}
rMut   .         Stasis   .     n - +1 pair of boots
MR     +....                    H - amulet of warding
Stlth  ..........               A - ring of protection from magic
                                t - ring of Happiness {Fire +Fly rN+ Str+4}

@: about to teleport, repel missiles, somewhat resistant to hostile
enchantments, extremely unstealthy
A: retaliatory headbutt, horns 2, breathe flames 1
a: Upheaval, Elemental Force, Disaster Area, Renounce Religion, Breathe Fire,
Evoke Flight


You were on level 4 of the Orcish Mines.
You worshipped Qazlal.
Qazlal was exalted by your worship.
You were not hungry.

You visited 4 branches of the dungeon, and saw 18 of its levels.

You collected 1260 gold pieces.
You spent 104 gold pieces at shops.

Inventory:

Hand weapons
 b - a +1 flail of holy wrath
 i - a +4 flail
 j - a +2 morningstar of protection (weapon)
 K - a +2 flail of protection
 M - a cursed -3 mace
Armour
 c - a +2 shield (worn)
 n - a +1 pair of boots (worn)
 C - a +0 pair of gloves of archery (worn)
 F - a +0 plate armour of cold resistance (worn)
Jewellery
 h - a +2 ring of protection
 t - the ring of Happiness (left hand) {Fire +Fly rN+ Str+4}
   (You found it on level 3 of the Lair of Beasts)

   [ring of fire]

   It enhances your fire magic, and weakens your ice magic.
   It affects your strength (+4).
   It protects you from fire.
   It makes you vulnerable to cold.
   It protects you from negative energy.
   It lets you fly.
 x - an uncursed ring of protection from fire
 A - a ring of protection from magic (right hand)
 B - an uncursed ring of fire
 H - an amulet of warding (around neck)
Magical devices
 D - a wand of cold (4)
 L - a wand of cold (7)
Scrolls
 a - 3 scrolls of teleportation
 d - a scroll of blinking
 f - 7 scrolls of remove curse
 l - a scroll of amnesia
 y - a scroll of fear
 I - a scroll of fog
 N - a scroll of enchant weapon
Potions
 g - 4 potions of mutation {unknown}
 k - 3 potions of heal wounds
 m - 2 potions of magic {unknown}
 o - a potion of lignification
 p - 2 potions of haste {unknown}
 q - 2 potions of flight
 r - a potion of might
 u - 5 potions of brilliance {unknown}
 v - 3 potions of curing
 E - 2 potions of agility
 G - 2 potions of resistance
 J - 3 potions of cure mutation
Comestibles
 e - 13 bread rations
 s - 4 meat rations
 w - 9 beef jerkies
 z - 2 fruits
 O - 4 chunks of flesh


   Skills:
 + Level 10.8 Fighting
 + Level 12.4 Maces & Flails
 + Level 9.5 Armour
 + Level 6.0 Dodging
 + Level 1.2 Stealth
 + Level 14.9 Shields
 + Level 0.4 Unarmed Combat


You had 11 spell levels left.
You didn't know any spells.

Dungeon Overview and Level Annotations

Branches:
Dungeon (10/15)            Temple (1/1) D:7            Lair (3/8) D:8
    Orc (4/4) D:10            Elf (0/3) Orc:4
  Swamp: Lair:3-6    Shoals: Lair:3-6     Snake: Lair:3-6    Spider: Lair:3-6

Altars:
Ashenzari
Cheibriados
Dithmenos
Elyvilon
Fedhas
Gozag
Kikubaaqudgha
Makhleb
Nemelex Xobeh
Okawaru
Qazlal
Ru
Sif Muna
Trog
Vehumet
Xom
Yredelemnul
Zin
The Shining One

Shops:
D:2 *   Orc:4 !

Annotations:
Orc:4 Saint Roka


Innate Abilities, Weirdness & Mutations

You reflexively headbutt those who attack you in melee.
You have a pair of horns on your head.
You can breathe flames.


Message History

Qazlal accepts your kill.
Saint Roka roars a battlecry!
The orc warrior goes into a battle-frenzy!
You hear a shout! x4
You hear a screech!
You hear a shout!
You hear a shout!
You hear a shout!
You hear a shout! x11
You hear a screech!
You hear a shout!
You hear a shout!
Read which item? (? for menu, Esc to quit)
As you read the scroll of teleportation, it crumbles to dust.
You feel strangely unstable.
Saint Roka says, "In the orcish mines, orcs kill the likes of YOU!"
Saint Roka mumbles some strange prayers to Beogh against you.
Something smites you!
* * * LOW HITPOINT WARNING * * *
The orc priest calls upon Beogh to heal Saint Roka.
Saint Roka is healed somewhat.
You hear a shout!
You hear a roar!
Saint Roka invokes the aid of Beogh against you.
Something smites you!
You die...

#.........o..........
#....................
#..............o.....
#...........oo.......
#...........Oo.§....#
#..........§o§§....##
##..........§..§..##
##........§§..§.##
##§........§.@..##
#.§............##
#..........§....##
#................#
##................#
#..............##..#
#.......).)...)###..#
#...).)...)...))###..
#...))).......[).##


You could see Saint Roka, 2 orc warriors, an ogre and 2 orcs.

Vanquished Creatures
  A hydra (Lair:2)
  An orc high priest (Orc:4)
  A hill giant (D:10)
  An orc sorcerer (Orc:1)
  6 spiny frogs
  A gargoyle (D:10)
  2 black mambas
  The ghost of Eleanoora the Digger, an experienced FoEE of Makhleb (D:5)
  2 fire drakes
  A polar bear (Lair:3)
  A troll (Orc:3)
  2 two-headed ogres
  15 yaks
  A shadow (D:7)
  5 hippogriffs
  Grum (D:8)
  2 basilisks
  21 wolves
  2 wargs (Orc:4)
  5 water moccasins
  4 porcupines
  An ice beast (Orc:1)
  The ghost of karlkraus the Skirmisher, an average MiFi (D:3)
  10 orc warriors
  A centaur (D:8)
  4 ogres
  15 crocodiles
  A big kobold (D:9)
  7 giant frogs
  A scorpion (Lair:1)
  6 killer bees
  2 electric eels
  9 hounds
  10 crimson imps
  A giant frog zombie (D:9)
  4 jellies
  18 orc wizards
  7 iguanas
  A centaur skeleton (D:4)
  2 centaur zombies (D:10)
  A giant frog skeleton (D:7)
  19 orc priests
  A quasit (D:6)
  6 worker ants
  7 sheep (Lair:2)
  A hound skeleton (D:4)
  A worker ant zombie (D:6)
  15 gnolls
  2 shadow imps
  10 adders
  18 river rats (Lair:3)
  An ooze (D:1)
  An adder skeleton (D:5)
  6 worms
  14 giant geckos
  126 orcs
  A bat skeleton (D:6)
  A bat zombie (D:7)
  10 goblins
  23 hobgoblins
  13 jackals
  11 bats
  4 giant cockroaches
  A giant gecko skeleton (D:5)
  18 giant newts
  14 kobolds
  6 quokkas
  2 quokka skeletons
  9 rats
  11 fungi
  6 plants
536 creatures vanquished.

Vanquished Creatures (others)
  7 fungi
7 creatures vanquished.

Grand Total: 543 creatures vanquished

Notes
Turn   | Place    | Note
--------------------------------------------------------------
     0 | D:1      | karlkraus the Minotaur Fighter began the quest for the Orb.
     0 | D:1      | Reached XP level 1. HP: 19/19 MP: 0/0
   271 | D:1      | Reached XP level 2. HP: 27/27 MP: 1/1
   341 | D:1      | Reached skill level 4 in Fighting
   779 | D:2      | Reached XP level 3. HP: 29/33 MP: 2/2
   901 | D:2      | Found Gozag's Platinum Reserve.
   937 | D:2      | Found an opulent altar of Gozag.
  1314 | D:3      | Noticed karlkraus's ghost (average MiFi)
  1314 | D:3      | Reached XP level 4. HP: 38/41 MP: 3/3
  1325 | D:3      | Killed karlkraus's ghost
  1325 | D:3      | Reached skill level 5 in Shields
  1325 | D:3      | Reached XP level 5. HP: 33/47 MP: 4/4
  1638 | D:3      | Reached XP level 6. HP: 25/53 MP: 5/5
  2464 | D:4      | Reached skill level 6 in Shields
  2477 | D:4      | Reached skill level 5 in Armour
  2972 | D:5      | Entered Level 5 of the Dungeon
  3085 | D:5      | Reached XP level 7. HP: 60/60 MP: 6/6
  3229 | D:5      | Found a glowing silver altar of Zin.
  3287 | D:5      | Noticed Eleanoora's ghost (experienced FoEE)
  3299 | D:5      | Killed Eleanoora's ghost
  3299 | D:5      | Reached skill level 5 in Fighting
  3404 | D:5      | Reached skill level 7 in Shields
  3429 | D:5      | Identified the Tome of the Compass and Augmentations
  3445 | D:5      | Reached skill level 5 in Maces & Flails
  3845 | D:6      | Reached XP level 8. HP: 69/69 MP: 7/7
  3896 | D:6      | Found an iron altar of Okawaru.
  4337 | D:6      | Reached skill level 8 in Shields
  4731 | D:7      | Found a shadowy altar of Dithmenos.
  4731 | D:7      | Found a bloodstained altar of Trog.
  4731 | D:7      | Found a glowing golden altar of the Shining One.
  4731 | D:7      | Found a basalt altar of Yredelemnul.
  4935 | D:7      | Reached skill level 9 in Shields
  4940 | D:7      | Found a staircase to the Ecumenical Temple.
  4947 | Temple   | Entered the Ecumenical Temple
  4952 | Temple   | Reached XP level 9. HP: 72/78 MP: 8/8
  5030 | Temple   | Became a worshipper of Qazlal Stormbringer
  5494 | D:8      | Found a staircase to the Lair.
  5495 | D:8      | Noticed a fire drake
  5513 | D:8      | Killed a fire drake
  5570 | D:8      | Noticed Grum
  5579 | D:8      | Killed Grum
  5579 | D:8      | Reached skill level 5 in Dodging
  5601 | D:8      | Reached skill level 10 in Shields
  5616 | D:8      | Acquired Qazlal's first power
  5729 | D:8      | Reached skill level 1 in Stealth
  5763 | D:8      | Found a sparkling altar of Nemelex Xobeh.
  5957 | D:8      | Reached XP level 10. HP: 78/86 MP: 9/9
  6340 | D:9      | Reached skill level 11 in Shields
  6372 | D:9      | Acquired Qazlal's second power
  6388 | D:9      | Got a dazzling ring mail
  6389 | D:9      | Identified the cursed +0 ring mail of Valour {rElec} (You found it on level 9 of the Dungeon)
  6395 | D:9      | Identified a scroll of acquirement
  7183 | D:10     | Entered Level 10 of the Dungeon
  7195 | D:10     | Found a staircase to the Orcish Mines.
  7340 | D:10     | Noticed a hill giant
  7352 | D:10     | Killed a hill giant
  7781 | Lair:1   | Entered Level 1 of the Lair of Beasts
  7843 | Lair:1   | Reached skill level 12 in Shields
  7893 | Lair:1   | Acquired Qazlal's third power
  7936 | Lair:1   | Reached XP level 11. HP: 77/97 MP: 10/10
  8490 | Lair:2   | Reached skill level 10 in Maces & Flails
  8602 | Lair:2   | Reached skill level 13 in Shields
  8882 | Lair:2   | Noticed an eight-headed hydra
  8888 | Lair:2   | Killed an eight-headed hydra
  9125 | Lair:2   | Acquired Qazlal's fourth power
  9191 | Lair:2   | Reached skill level 10 in Fighting
  9431 | Lair:2   | Reached skill level 14 in Shields
  9592 | Lair:3   | Reached XP level 12. HP: 78/106 MP: 11/11
  9774 | Lair:3   | Gained mutation: You can breathe flames. [potion of beneficial mutation]
  9807 | Lair:3   | Acquired Qazlal's fifth power
  9900 | Lair:3   | Got a brightly glowing lapis lazuli ring
  9918 | Lair:3   | Found a shadowy altar of Dithmenos.
 10506 | Orc:1    | Entered Level 1 of the Orcish Mines
 10736 | Orc:1    | Identified the ring of Happiness {Fire +Fly rN+ Str+4} (You found it on level 3 of the Lair of Beasts)
 10947 | Orc:4    | Entered Level 4 of the Orcish Mines
 10981 | Orc:4    | Found Hathriqu's Distillery.
 11503 | Orc:4    | Bought a potion of heal wounds for 65 gold pieces
 11503 | Orc:4    | Bought 2 potions of poison for 26 gold pieces
 11503 | Orc:4    | Bought a potion of degeneration for 13 gold pieces
 11735 | Orc:4    | Noticed Saint Roka
 11741 | Orc:4    | Found a staircase to the Elven Halls.
 11760 | Orc:4    | Killed from afar by Saint Roka

Vault maps used:
D:1:      lemuel_arrival_cross, serial_bayou_ford_a, minmay_misc_feat_iff,
          minmay_misc_feat_columns
D:2:      nicolae_gozag_zags_fifth_avenue
D:5:      lemuel_coloured_pillars_altar, first_bread
D:6:      okawaru_ov_weapons_minmay, grunt_decor_fettered
D:7:      grunt_temple_overflow_open, minmay_temple_entry_statues_pillars,
          grunt_ogre_cave
D:8:      minmay_lair_entry_lava, nemelex_deck, uniq_grum
D:9:      serial_bayou_pond_b, stair_cage_wide, minmay_misc_feat_enclosed
D:10:     orc_0_dummy, evilmike_surprise_oklob
Temple:   circular_temple_12
Lair:2:   lemuel_reptile_caves
Lair:3:   basic_altar, infiniplex_staircase_pool
Orc:1:    guppyfry_library_mini
Orc:2:    serial_shops, shop
Orc:3:    nicolae_orc_pool_cavern
Orc:4:    pf_orc_diabolical, serial_shops, shop_statue, rock_pile,
          uniq_saint_roka

Action                   |  1- 3 |  4- 6 |  7- 9 | 10-12 || total
-------------------------+-------+-------+-------+-------++-------
Melee: Flail             |    78 |   147 |   401 |    66 ||   692
       Unarmed           |    50 |       |       |       ||    50
       Morningstar       |       |       |       |   765 ||   765
  Use: Scroll            |    11 |     2 |     6 |    15 ||    34
       Potion            |       |     2 |       |     2 ||     4
  Eat: Chunk             |       |     6 |     9 |    17 ||    32
       Fruit             |       |       |     1 |     1 ||     2
       Pizza             |       |       |       |     1 ||     1
       Royal jelly       |       |       |       |     1 ||     1
